 Dungeon Crawl Stone Soup version 0.18.1-50-g88ac8fd (webtiles) character file.

1922 DakAttack the Fighter (level 9, 0/74 HPs)
             Began as a Formicid Fighter on Oct 3, 2016.
             Was a Follower of Ru.
             Slain by a wolf (1 damage)
             ... on level 9 of the Dungeon.
             The game lasted 00:18:53 (8315 turns).

DakAttack the Fighter (Formicid Fighter)            Turns: 8315, Time: 00:18:54

Health: 0/74       AC: 13    Str: 23    XL:     9   Next: 39%
Magic:  9/9        EV:  9    Int:  7    God:    Ru [*.....]
Gold:   249        SH: 12    Dex: 12    Spells: 0 memorised, 8 levels left

rFire  + . .     SeeInvis +     l - +0 scythe
rCold  . . .     Gourm    .     b - +0 scale mail
rNeg   . . .     Faith    .     c - +1 shield
rPois  .         Spirit   .     (helmet unavailable)
rElec  +         Dismiss  .     p - +2 cloak
rCorr  .         Reflect  .     g - +0 pair of gloves
SustAt .         Harm     .     s - +0 pair of boots
MR     .....                    (no amulet)
Stlth  ..........               (no ring)
                                e - ring of protection from fire

@: not resistant to hostile enchantments, extremely unstealthy
A: permanent stasis, dig shafts and tunnels, four strong arms, antennae 3,
electricity resistance, no stealth, missing an eye
a: Dig, Shaft Self, Renounce Religion


You were on level 9 of the Dungeon.
You worshipped Ru.
Ru was aware of your devotion.
You were not hungry.

You visited 1 branch of the dungeon, and saw 8 of its levels.

You collected 249 gold pieces.

Inventory:

Hand Weapons
 a - a +1 trident
 d - a +0 halberd
 l - a +0 scythe (weapon)
Armour
 b - a +0 scale mail (worn)
 c - a +1 shield (worn)
 g - a +0 pair of gloves (worn)
 p - a +2 cloak (worn)
 s - a +0 pair of boots (worn)
Jewellery
 e - a ring of protection from fire (left hand)
Scrolls
 k - a scroll of enchant armour
 n - a scroll of identify
 o - a scroll of enchant weapon
 r - 2 scrolls of remove curse
Potions
 j - a potion of cancellation
Books
 i - a book of the Earth

   Spells                             Type                      Level
   a - Leda's Liquefaction            Hexes/Earth                  4
   b - Bolt of Magma                  Conjuration/Fire/Earth       5
   c - Statue Form                    Transmutation/Earth          6
   d - Iron Shot                      Conjuration/Earth            6
   e - Shatter                        Earth                        9
Comestibles
 f - 5 bread rations
 h - a meat ration
 q - a beef jerky
 t - a slice of pizza


   Skills:
 * Level 8.1 Fighting
 * Level 7.1 Polearms
 + Level 6.3 Armour
 + Level 6.4 Shields


You had 8 spell levels left.
You didn't know any spells.

Dungeon Overview and Level Annotations

Branches:
Dungeon (9/15)               Lair (0/8) D:9
 Temple: D:4-7          Orc: D:9-12

Altars:
Gozag
Pakellas
Ru
Vehumet

Shops:
D:4 *   D:5 %


Innate Abilities, Weirdness & Mutations

You are under a permanent stasis effect.
You can dig through walls and to a lower floor.
Your four strong arms can wield two-handed weapons with a shield.
You have a pair of large antennae on your head (SInv).
You cannot be stealthy.
You are missing an eye, making it more difficult to aim.
You are resistant to electric shocks.


Message History

The wolf completely misses you.
Unknown command.
You miss the wolf.
The wolf is heavily wounded.
The wolf bites you but does no damage. The hound closely misses you.
You block the hound's attack. The wolf bites you but does no damage.
You block the hound's attack. The wolf bites you but does no damage.
You closely miss the wolf.
The wolf is heavily wounded.
You block the wolf's attack. You block the hound's attack.
The wolf closely misses you. The hound bites you but does no damage.
The wolf pauses to sniff the ground.
You block the wolf's attack. The hound bites you but does no damage.
Unknown command.
You slash the wolf!
The wolf is almost dead.
The wolf bites you.
* * * LOW HITPOINT WARNING * * *
The hound bites you but does no damage. The wolf bites you.
You die...

############## *******
#....h@......# *,,,,,,
#.....h..%...# *,,****
#............# *,,*
#.........[..# *,,*
#............# *,,*
#............#***,,*
******#.............,,,,,****
*,,,,,..............,,,,,,,,,
*,,,,,,,,,,,,,,,,,,,,,,,*****


You could see a wolf and a hound.

Vanquished Creatures
  Sigmund (D:4)
  The ghost of DakAttack the Slasher, an amateur DsGl (D:4)
  Edmund (D:3)
  The ghost of cephied0 the Conjurer, an amateur OpWz (D:3)
  Duvessa (D:4)
  A wasp (D:6)
  An ice beast (D:6)
  An ogre (D:5)
  2 gnoll sergeants
  Dowan (D:4)
  2 scorpions (D:4)
  5 jellies
  4 orc wizards
  An orc priest (D:4)
  An iguana (D:4)
  A worker ant (D:4)
  8 adders
  10 gnolls
  An ooze (D:1)
  An adder skeleton (D:3)
  3 worms
  5 dart slugs
  2 giant geckos (D:1)
  25 orcs
  11 bats
  3 giant cockroaches
  6 goblins
  10 hobgoblins
  13 jackals
  12 kobolds
  4 quokkas
  A giant gecko zombie (D:5)
  9 giant newts
  A quokka skeleton (D:4)
  A quokka zombie (D:5)
  11 rats
162 creatures vanquished.

Vanquished Creatures (others)
  An orc (D:9)
1 creature vanquished.

Grand Total: 163 creatures vanquished

Notes
Turn   | Place    | Note
--------------------------------------------------------------
     0 | D:1      | DakAttack the Formicid Fighter began the quest for the Orb.
     0 | D:1      | Reached XP level 1. HP: 18/18 MP: 1/1
    61 | D:1      | Reached XP level 2. HP: 23/24 MP: 2/2
   381 | D:1      | Reached XP level 3. HP: 28/29 MP: 3/3
   854 | D:2      | Reached XP level 4. HP: 21/37 MP: 4/4
  1366 | D:2      | Reached skill level 4 in Fighting
  1476 | D:2      | Found a sacrificial altar of Ru.
  1584 | D:2      | Became a worshipper of Ru the Awakened
  2007 | D:3      | Reached XP level 5. HP: 39/42 MP: 5/5
  2325 | D:3      | Noticed cephied0's ghost (amateur OpWz)
  2342 | D:3      | Gained mutation: You are resistant to electric shocks. [potion of beneficial mutation]
  2345 | D:3      | Killed cephied0's ghost
  2345 | D:3      | Reached XP level 6. HP: 34/49 MP: 6/6
  2744 | D:3      | Found an oddly glowing altar of Pakellas.
  3098 | D:4      | Gained mutation: You are missing an eye, making it more difficult to aim. [Ru sacrifice]
  3175 | D:4      | Found Hecemosuss's Assorted Antiques.
  3185 | D:4      | Reached skill level 5 in Fighting
  3504 | D:4      | Reached XP level 7. HP: 38/56 MP: 7/7
  3776 | D:4      | Noticed Dowan
  3777 | D:4      | Noticed Duvessa
  3798 | D:4      | Killed Duvessa
  3824 | D:4      | Killed Dowan
  3824 | D:4      | Reached skill level 5 in Armour
  3917 | D:4      | Reached skill level 5 in Shields
  4013 | D:4      | Reached skill level 6 in Fighting
  4013 | D:4      | Reached skill level 5 in Polearms
  4036 | D:4      | Noticed DakAttack's ghost (amateur DsGl)
  4238 | D:4      | Killed DakAttack's ghost
  4238 | D:4      | Reached XP level 8. HP: 42/64 MP: 8/8
  4549 | D:4      | Noticed Sigmund
  4551 | D:4      | Noticed Edmund
  4849 | D:3      | Killed Edmund
  4971 | D:4      | Killed Sigmund
  5236 | D:4      | Reached skill level 7 in Fighting
  5280 | D:5      | Entered Level 5 of the Dungeon
  5660 | D:5      | Found Uvuwecuh's Food Boutique.
  5694 | D:5      | Reached XP level 9. HP: 57/72 MP: 9/9
  7402 | D:6      | Found an opulent altar of Gozag.
  7787 | D:6      | Reached skill level 8 in Fighting
  7830 | D:6      | Gained mutation: You cannot be stealthy. [Ru sacrifice]
  7830 | D:6      | Reached * piety under Ru
  7852 | D:6      | You fall through a shaft for 3 floors!
  8261 | D:8      | You fall through a shaft!
  8263 | D:9      | Found a radiant altar of Vehumet.
  8264 | D:9      | Noticed a troll
  8310 | D:9      | HP: 3/74 [wolf (4)]
  8310 | D:9      | HP: 1/74 [hound (2)]
  8315 | D:9      | HP: 1/74 [wolf (1)]
  8315 | D:9      | Slain by a wolf

Skill      XL: |  1  2  3  4  5  6  7  8  9 |
---------------+----------------------------+-----
Shields        | 4 5 6 |  6.4
Fighting       | 4 5 6 7 8 |  8.1
Polearms       | 3 4 5 6 7 |  7.1
Armour         | 4 5 6 |  6.3

Action                   |  1- 3 |  4- 6 |  7- 9 || total
-------------------------+-------+-------+-------++-------
Melee: Trident           |   115 |   338 |   292 ||   745
       Scythe            |       |       |   315 ||   315
Invok: Sacrifice an Eye  |       |     1 |       ||     1
       Sacrifice Stealth |       |       |     1 ||     1
 Abil: Dig               |       |     1 |       ||     1
       Shaft Self        |       |       |     2 ||     2
  Use: Scroll            |     5 |     7 |     8 ||    20
       Potion            |       |     2 |     6 ||     8
  Eat: Chunk             |       |     9 |     9 ||    18
       Pizza             |       |       |     2 ||     2
       Bread ration      |       |       |     1 ||     1
       Beef jerky        |       |       |     1 ||     1
Armor: Scale mail        |    26 |   144 |   323 ||   493
Dodge: Dodged            |    27 |    69 |   235 ||   331
Block: Shield            |    47 |   173 |   508 ||   728
